 Dungeon Crawl Stone Soup version 0.20.0-15-g7f486f2 (webtiles) character file.

442 JeffiDaFish the Shield-Bearer (level 7, -7/44 HPs)
             Began as a Gargoyle Fighter on June 23, 2017.
             Mangled by a two-headed ogre
             ... wielding a +0 giant spiked club
              (17 damage)
             ... on level 4 of the Dungeon on June 26, 2017.
             The game lasted 00:08:54 (2567 turns).

JeffiDaFish the Shield-Bearer (Gargoyle Fighter)    Turns: 2567, Time: 00:08:54

Health: -7/44      AC: 14    Str: 19    XL:     7   Next: 2%
Magic:  7/7        EV:  6    Int:  9    God:
Gold:   142        SH: 10    Dex: 11    Spells: 6/6 levels left

rFire    . . .     SeeInvis .   a - +3 flail
rCold    . . .     Gourm    .   c - +1 shield
rNeg     + . .     Faith    .   n - +0 chain mail
rPois    ∞         Spirit   .   (no helmet)
rElec    +         Reflect  .   (no cloak)
rCorr    .         Harm     .   (no gloves)
MR       +....                  (no boots)
Stlth    ..........             (no amulet)
Regen    0.2/turn               g - ring of protection from magic
MPRegen  0.1/turn               d - ring of loudness (curse)

@: hasted, very quick
A: negative energy resistance 1, electricity resistance, unbreathing,
petrification resistance, rot immunity, AC +4
a: no special abilities


You were on level 4 of the Dungeon.
You were not hungry.

You visited 1 branch of the dungeon, and saw 4 of its levels.

You collected 142 gold pieces.

Inventory:

Hand Weapons
 a - a +3 flail (weapon)
Armour
 c - a +1 shield (worn)
 n - a +0 chain mail (worn)
Jewellery
 d - a cursed ring of loudness (right hand)
 g - a ring of protection from magic (left hand)
Wands
 m - a wand of scattershot (3/9)
Scrolls
 b - a scroll of amnesia
 e - 4 scrolls of identify
 j - a scroll of recharging
Comestibles
 f - 2 bread rations
 i - 5 royal jellies
 k - 4 fruits


   Skills:
 + Level 4.6 Fighting
 + Level 4.6 Maces & Flails
 + Level 4.1 Armour
 + Level 1.3 Dodging
 + Level 0.5 Stealth
 + Level 5.0 Shields


You had 6 spell levels left.
You didn't know any spells.

Dungeon Overview and Level Annotations

Branches:
Dungeon (4/15)
 Temple: D:4-7

Altars:
Ru
Yredelemnul


Innate Abilities, Weirdness & Mutations

You are resistant to torment.
Your stone body is resilient. (AC +4)
You are immune to poison.
You resist negative energy. (rN+)
You are resistant to electric shocks. (rElec)
You can survive without breathing.
You are immune to petrification.
You are immune to rotting.


Message History

Eating a chunk of flesh.
You eat the chunk of flesh.
This raw flesh tastes terrible.
Found 21 sling bullets.
You see here 21 sling bullets.
Found a stone staircase leading down.
A two-headed ogre comes into view.
It is wielding a giant spiked club and a giant club.
The two-headed ogre shouts in stereo!
You feel yourself speed up.
You closely miss the two-headed ogre. You sock the two-headed ogre!
The two-headed ogre is moderately wounded.
The two-headed ogre hits you with a giant spiked club!
The two-headed ogre hits you with a giant club!
* * * LOW HITPOINT WARNING * * *
You hit the two-headed ogre.
The two-headed ogre is moderately wounded.
The two-headed ogre hits you with a giant spiked club.
* * * LOW HITPOINT WARNING * * *
The two-headed ogre hits you with a giant club!
You die...

#.# #. #.# #.# #.
#.#.# #.# #.##.#.#
#.# ..#.#.# #.#
#.#.#.# #.) #...#.#
### #.O#.# #
#.@#.######## #
#............ .
####.#.##############
#............(.......
#.###..##############
# #..# #..# ##.# #>#


You could see a two-headed ogre.

Vanquished Creatures
  Purgy (D:3)
  An ogre (D:4)
  A bullfrog skeleton (D:3)
  Terence (D:2)
  2 worker ants (D:3)
  Ijyb (D:3)
  3 adders (D:2)
  7 worms
  A dart slug (D:1)
  3 leopard geckos
  4 orcs
  A ball python (D:1)
  8 bats
  2 giant cockroaches (D:1)
  11 goblins
  4 hobgoblins
  7 jackals
  12 kobolds
  A quokka (D:3)
  5 frilled lizards
  5 rats
81 creatures vanquished.

Notes
Turn   | Place    | Note
-------+----------+-------------------------------------------
     0 | D:1      | JeffiDaFish the Gargoyle Fighter began the quest for the Orb.
     0 | D:1      | Reached XP level 1. HP: 14/14 MP: 1/1
    94 | D:1      | Reached XP level 2. HP: 19/19 MP: 2/2
   591 | D:1      | Reached XP level 3. HP: 20/24 MP: 3/3
   894 | D:1      | Found a basalt altar of Yredelemnul.
   981 | D:2      | Noticed Terence
  1000 | D:2      | Killed Terence
  1000 | D:2      | Reached XP level 4. HP: 19/29 MP: 4/4
  1516 | D:2      | Found a sacrificial altar of Ru.
  1544 | D:2      | Reached XP level 5. HP: 33/33 MP: 5/5
  1679 | D:3      | Reached skill level 4 in Shields
  1740 | D:3      | Noticed Purgy
  1750 | D:3      | Killed Purgy
  1750 | D:3      | Reached skill level 1 in Dodging
  1750 | D:3      | Reached XP level 6. HP: 38/38 MP: 6/6
  1827 | D:3      | Noticed Ijyb
  1836 | D:3      | Killed Ijyb
  2522 | D:4      | Reached skill level 5 in Shields
  2522 | D:4      | Reached XP level 7. HP: 44/44 MP: 7/7
  2562 | D:4      | Noticed a two-headed ogre
  2567 | D:4      | Mangled by a two-headed ogre

Skill      XL: |  1  2  3  4  5  6 |
---------------+-------------------+-----
Maces & Flails | 3 4 |  4.6
Fighting       | 4 |  4.6
Shields        | 4 5 |  5.0
Armour         | 4 |  4.1
Dodging        | 1 |  1.3
Stealth        | |  0.5

Action                   |  1- 3 |  4- 6 |  7- 9 || total
-------------------------+-------+-------+-------++-------
Melee: Flail             |    95 |   188 |     3 ||   286
  Use: Scroll            |     5 |     5 |       ||    10
       Potion            |     4 |     3 |     1 ||     8
 Stab: Invisible         |     1 |       |       ||     1
  Eat: Chunk             |       |     5 |     1 ||     6
Armor: Scale mail        |    69 |   125 |       ||   194
       Chain mail        |       |    13 |       ||    13
Dodge: Dodged            |    39 |    59 |       ||    98
Block: Shield            |    70 |   121 |       ||   191
